montu, chaotic male human Wizard ---- |..-- -----...| ----@--...-- |..Z%h.....| -- |.........-- .. |..).....------.- --..............| .....|.----(------ ---..---..|.....--- | ------ ---.. ---...%.....| |.....................%.......| |... ---......%%..----- --..........................| |.......................--.--- - |....................|..<---- -- -...............|.|-.....| ................-------....| -------..|..--.-- |...-- --------- ----- montu the Thaumaturge Experience level: 7 Strength: 11 Dexterity: 12 Constitution: 17 Intelligence: 18 Wisdom: 10 Charisma: 13 Health: 0(80) Energy: 6(59) Def: 2 Gold: 496 Moves: 4213 Dungeon seed: cIYh5pxqPXrEjsZ9 Game ID: montu_1705266007 Your Inventory: Coins $ - 496 gold pieces Amulets x - an uncursed amulet versus poison (being worn) Weapons a - a blessed +1 quarterstaff (weapon in hands) Armor b - a blessed +1 leather armor c - a blessed +0 helm of brilliance e - an uncursed +0 cloak of magic resistance (being worn) q - a blessed +0 pair of elven boots (being worn) Comestibles u - 3 uncursed slime molds v - an uncursed lembas wafer L - an uncursed sprig of wolfsbane P - an uncursed lichen corpse R - 2 uncursed food rations V - an uncursed fortune cookie Scrolls y - an uncursed scroll of magic mapping B - an uncursed scroll of confuse monster Z - a blessed scroll of teleportation Potions r - an uncursed potion of monster detection w - an uncursed potion of gain energy J - an uncursed potion of paralysis Q - an uncursed potion of levitation S - an uncursed potion of acid T - an uncursed potion of object detection W - 2 uncursed potions of sickness Rings z - an uncursed ring of polymorph control (on right hand) G - an uncursed ring of free action (on left hand) Wands l - an uncursed wand of magic missile (0:8) H - an uncursed wand of digging (0:5) K - an uncursed wand of sleep (0:7) Y - an uncursed wand of nothing (0:8) Tools d - an uncursed blindfold j - an uncursed blindfold p - an uncursed stethoscope t - an uncursed leash E - an uncursed tallow candle (0:200) U - an uncursed mirror Gems n - 3 uncursed worthless pieces of red glass N - 2 uncursed worthless pieces of black glass Spells and supernatural/magical abilities: Name Level Category Cost Memory a - force bolt 1 attack 6pw 93% c - cause fear 3 enchantment 25pw 93% m - magic missile 2 attack 12pw 93% z - sleep 1 enchantment 8pw 98% O - summoning 2 clerical 25pw 93% W - pray for help -- divine ? -- Your skills at the end: Fighting Skills wands [Basic] Weapon Skills quarterstaff [Basic] Spellcasting Skills attack spells [Skilled] enchantment spells [Basic] Final Attributes: You were piously aligned. You were immune to poison. You were magic resistant. You were stealthy. You had polymorph control. You had free action. You last prayed 2 turns ago. Anhur was noncommittal. You are dead. Vanquished creatures: a small mimic a leprechaun a gold golem a dingo a jaguar 2 bugbears a mountain nymph a pony a shrieker 3 gnome lords 3 gray oozes 2 giant ants 2 dwarves 2 rothes 2 giant bats 2 monkeys 3 dwarf zombies 2 iguanas 5 killer bees a gas spore a hobbit a giant rat 2 cave spiders a red mold 7 gnomes 8 garter snakes 5 gnome zombies a gecko 9 jackals 2 foxes a kobold 3 goblins 5 sewer rats 10 grid bugs a bat 7 lichens a kobold zombie 3 newts 105 creatures vanquished. Voluntary challenges: You used a wielded weapon 105 times, starting on turn 210. You read items or engraved 35 times, starting on turn 1819. You never genocided any monsters. You never polymorphed an object. You never changed form. You used no wishes. You never split a pudding. You wrote Elbereth's name 23 times, starting on turn 1819. You violated your moral code, losing 33 points of alignment, starting on turn 2776. Dungeon overview: The Dungeons of Doom: levels 1 to 6 Level 1 a fountain, a vault a long staircase Level 2 Level 3 a fountain, a sink Level 4 a general store, an altar to Ptah, a fountain stairs to The Gnomish Mines Level 5 a fountain, a vault Level 6 a sink, a vault The Gnomish Mines: Level 5 <- You were here stairs to The Dungeons of Doom History has recorded: On T:1 you entered the Dungeons of Doom to retrieve the Amulet of Yendor! On T:648 you reached level 2 of The Dungeons of Doom. On T:861 you advanced to experience level 2. On T:1029 you reached level 3 of The Dungeons of Doom. On T:1109 you advanced to experience level 3. On T:1424 you reached level 4 of The Dungeons of Doom. On T:1769 you advanced to experience level 4. On T:2314 you reached level 5 of The Dungeons of Doom. On T:2327 you advanced to experience level 5. On T:2893 you advanced to experience level 6. On T:3059 you reached level 6 of The Dungeons of Doom. On T:3999 you reached level 1 of The Gnomish Mines. On T:4063 you advanced to experience level 7. Score breakdown: Gold: 496 ( 9172 points) Experience: 7 levels (13645 points) Exploration: 6 levels ( 13.04%) (10000 points) Discoveries: 5 items ( 1.68%) ( 3885 points) Valuables value: (no points given unless you survive) Artifact value: 0 ( 0 points) Variety of kills: 38 monsters ( 10.00%) ( 9486 points) Turncount: 4213 turns (-1101 points) Survival: died (score multiplied by 80%) Total score: 36069 Latest messages: The force bolt hits the enslaved bugbear! The force bolt hits the gnome zombie! The gnome zombie is destroyed! The enslaved bugbear swings his thonged club at you. The enslaved bugbear hits! You begin praying to Anhur. You are surrounded by a shimmering light. The gnome zombie starts to attack you, but pulls back. The enslaved bugbear starts to attack you, but pulls back. The gnome zombie starts to attack you, but pulls back. The enslaved bugbear starts to attack you, but pulls back. You feel that Anhur is well-pleased. You feel better. Your zombifying disease is cured. [3 turns] You write in the dust with your fingers. The enslaved bugbear swings his thonged club at you. The enslaved bugbear hits! You add to the writing in the dust with your fingers. The gnome zombie hits! You attain a minor zombification disease. You add to the writing in the dust with your fingers. The enslaved bugbear swings his thonged club at you. The enslaved bugbear hits! You die... Final status: Goodbye montu the Wizard, killed by a bugbear... You died in The Gnomish Mines on dungeon level 5 with 36069 points, and 496 pieces of gold, after 4213 moves. You were level 7 with a maximum of 80 hit points when you died.